 Dungeon Crawl Stone Soup version 0.17-a0-1481-gfdcec5c (webtiles) character file.

882 Geomchi the Cudgeler (level 8, -1/42 HPs)
             Began as a Vine Stalker Fighter on July 4, 2015.
             Was a Believer of Okawaru.
             Slain by a gnoll
             ... wielding a +0 spear
              (2 damage)
             ... on level 5 of the Dungeon.
             The game lasted 00:05:32 (3205 turns).

Geomchi the Cudgeler (Vine Stalker Fighter)         Turns: 3205, Time: 00:05:32

Health: -1/42      AC:  8    Str: 21    XL:     8   Next: 5%
Magic:  0/9        EV:  8    Int:  8    God:    Okawaru [**....]
Gold:   182        SH:  9    Dex: 14    Spells: 0 memorised, 7 levels left

rFire  . . .     SeeInvis .     a - +0 flail
rCold  . . .     Clarity  .     b - +0 scale mail
rNeg   . . .     SustAt   .     c - +0 shield
rPois  .         Gourm    .     (no helmet)
rElec  .         Spirit   +     i - +0 cloak
rCorr  .         Warding  .     (no gloves)
rMut   .         Stasis   .     (no boots)
MR     +....                    (no amulet)
Stlth  ..........               (no ring)
                                (no ring)

@: hasted, very quick, somewhat resistant to hostile enchantments, extremely
unstealthy
A: fangs 3, regeneration 2, magic shield, antimagic bite, no device heal 3, rot
immunity
a: Heroism, Renounce Religion


You were on level 5 of the Dungeon.
You worshipped Okawaru.
Okawaru was pleased with you.
You were not hungry.

You visited 1 branch of the dungeon, and saw 5 of its levels.

You collected 182 gold pieces.

Inventory:

Hand weapons
 a - a +0 flail (weapon)
Armour
 b - a +0 scale mail (worn)
 c - a +0 shield (worn)
 i - a +0 cloak (worn)
Jewellery
 u - an uncursed amulet of resist mutation {unknown}
Scrolls
 d - a scroll of amnesia {unknown}
 f - a scroll of recharging
 g - a scroll of remove curse
 k - 3 scrolls of identify
 n - 2 scrolls of teleportation
 p - 2 scrolls of blinking
 q - a scroll of enchant armour {unknown}
 x - a scroll of enchant weapon {unknown}
Potions
 j - 2 potions of might
 m - a potion of curing
 r - a potion of brilliance
 t - a potion of heal wounds {unknown}
 v - a potion of agility
Comestibles
 e - 4 bread rations {@e1}
 h - 3 meat rations {@e2}
 o - 3 fruits
 s - 2 slices of pizza


   Skills:
 - Level 4.0 Fighting
 - Level 6.0 Maces & Flails
 + Level 3.9 Armour
 + Level 2.8 Dodging
 - Level 2.6 Shields


You had 7 spell levels left.
You didn't know any spells.

Dungeon Overview and Level Annotations

Branches:
Dungeon (5/15)
 Temple: D:4-7

Altars:
Makhleb
Okawaru
Xom


Innate Abilities, Weirdness & Mutations

You have razor-sharp teeth.
You heal very quickly.
When hurt, damage is shared between your health and your magic reserves.
Your bite disrupts and absorbs the magic of your enemies.
Potions and wands cannot restore your health.
You are immune to rotting.


Message History

You hit the gnoll. You block the gnoll's attack.
The gnoll hits you but does no damage.
You thump the gnoll!
You kill the gnoll!
Okawaru accepts your kill.
The ogre hits you with a giant spiked club!!
Ouch! That really hurt!
You block the gnoll's attack.
You take 20 damage, and have 13/42 hp.
MASSIVE DAMAGE!!
You now have 2/9 mp.
You hit the ogre.
The ogre hits you with a giant spiked club!
* * * LOW HITPOINT WARNING * * *
You block the gnoll's attack.
You take 12 damage, and have 1/42 hp.
MASSIVE DAMAGE!!
You now have 0/9 mp.
You are too injured to fight recklessly!
You are too injured to fight recklessly!
Drink which item? (? for menu, Esc to quit)
You feel yourself speed up.
The gnoll hits you from afar with a spear.
You die...

.. ##...#.####
...###......##.######
.....#.....#..........
................######
..#....##<.......
#.#######.#.#... #.###
#.#.....
#...#####.##....
#......#..@)...# ##..
#....#.....O...# ..
#....####..g(..# ###.
.........[ #.
#.......... .
#..........
###....##.. #...?# ..


You could see an ogre and a gnoll.

Vanquished Creatures
  Sigmund (D:2)
  A hippogriff (D:4)
  A phantom (D:4)
  An ogre (D:4)
  2 hounds (D:3)
  An iguana (D:4)
  An orc priest (D:4)
  2 orc wizards (D:4)
  2 worker ants (D:4)
  3 adders
  7 gnolls
  An ooze (D:1)
  An adder skeleton (D:4)
  3 worms
  5 giant geckos
  9 orcs (D:4)
  4 ball pythons
  4 giant cockroaches
  7 hobgoblins
  11 bats
  A giant newt (D:1)
  10 goblins
  10 kobolds
  3 quokkas
  9 rats
100 creatures vanquished.

Notes
Turn   | Place    | Note
--------------------------------------------------------------
     0 | D:1      | Geomchi the Vine Stalker Fighter began the quest for the Orb.
     0 | D:1      | Reached XP level 1. HP: 11/11 MP: 2/2
    42 | D:1      | Found an iron altar of Okawaru.
    53 | D:1      | Became a worshipper of Warmaster Okawaru
   160 | D:1      | Reached XP level 2. HP: 16/16 MP: 3/3
   568 | D:1      | Reached skill level 3 in Maces & Flails
   689 | D:1      | Reached XP level 3. HP: 16/19 MP: 4/4
   893 | D:2      | Reached XP level 4. HP: 23/23 MP: 5/5
  1032 | D:2      | Found a burning altar of Makhleb.
  1033 | D:2      | Found a shimmering altar of Xom.
  1110 | D:2      | Noticed Sigmund
  1115 | D:2      | Killed Sigmund
  1115 | D:2      | Reached skill level 4 in Maces & Flails
  1115 | D:2      | Reached XP level 5. HP: 12/29 MP: 6/6
  1115 | D:2      | Gained mutation: You heal very quickly. [Vine Stalker growth]
  1115 | D:2      | Reached XP level 6. HP: 13/33 MP: 7/7
  1817 | D:3      | Acquired Okawaru's first power
  1817 | D:3      | Reached skill level 5 in Maces & Flails
  1977 | D:4      | Noticed a hippogriff
  1991 | D:4      | Killed a hippogriff
  1991 | D:4      | Reached XP level 7. HP: 10/37 MP: 3/8
  2051 | D:4      | Reached skill level 6 in Maces & Flails
  2271 | D:4      | Reached skill level 1 in Dodging
  2721 | D:4      | Gained mutation: You have razor-sharp teeth. [Vine Stalker growth]
  2721 | D:4      | Reached XP level 8. HP: 39/42 MP: 9/9
  3165 | D:5      | Entered Level 5 of the Dungeon
  3204 | D:5      | HP: 1/42 [ogre/giant spiked club (13)]
  3205 | D:5      | Slain by a gnoll

Vault maps used:
D:1:      matt_arrival_diagonals, okawaru_ov_weapons_minmay
D:2:      gammafunk_temple_overflow_pools, first_bread, minmay_misc_feat_roman,
          uniq_sigmund
D:3:      cheibrodos_gnoll_hut
D:4:      kennysheep_generic_room_12
D:5:      grunt_temple_overflow_open, gup_sewer_entry_pipe, xom_teletrap_fun,
          uniq_prince_ribbit1

Action                   |  1- 3 |  4- 6 |  7- 9 || total
-------------------------+-------+-------+-------++-------
Melee: Flail             |    87 |    84 |   125 ||   296
Invok: Heroism           |       |       |     2 ||     2
  Use: Potion            |       |     2 |     1 ||     3
       Scroll            |       |       |     9 ||     9
  Eat: Chunk             |       |     3 |     5 ||     8
